 Dungeon Sprint DCSS version 0.17.0-28-g6e173f8 (webtiles) character file.

57220 Kidiri the Unseen (level 13, -21/68 HPs)
             Began as a Spriggan Enchanter on Nov 27, 2015.
             Was the Champion of Dithmenos.
             Demolished by a dire elephant (31 damage)
             ... in the Dungeon (Sprint III: "The Ten Rune Challenge").
             The game lasted 00:18:01 (3928 turns).

Kidiri the Unseen (Spriggan Enchanter)              Turns: 3928, Time: 00:18:07

Health: -21/68     AC:  5    Str:  4    XL:     13   Next: 14%
Magic:  16/30      EV: 35    Int: 20    God:    Dithmenos [******]
Gold:   15         SH:  0    Dex: 20    Spells: 8 memorised, 17 levels left

rFire  . . .     SeeInvis +     a - +1 dagger
rCold  . . .     Rnd*Rage +     b - +1 robe
rNeg   . . .     SustAt   .     (shield restricted)
rPois  .         Gourm    .     (helmet restricted)
rElec  +         Spirit   .     k - +0 cloak
rCorr  .         Warding  .     (gloves unavailable)
rMut   .         NoTele   +     (boots unavailable)
MR     ++...                    (no amulet)
Stlth  ++++++++++               (no ring)
                                (no ring)

@: very slightly contaminated, wreathed by umbra, very quick, very resistant to
hostile enchantments, uncannily stealthy
A: unfitting armour, horns 1, thin metallic scales 1, see invisible, berserk 1,
blink, clever 1, deformed body, herbivore 3, speed 3, low mp 1, electricity
resistance, slow metabolism 2, evolution 1, MP-powered wands
a: Blink, Shadow Step, Shadow Form, Renounce Religion
}: 2/10 runes: serpentine, barnacled


You were in the Dungeon.
You worshipped Dithmenos.
Dithmenos was exalted by your worship.
You were not hungry.

You visited 1 branch You collected 15 gold pieces.

Inventory:

Hand Weapons
 a - a +1 dagger (weapon)
Armour
 b - a +1 robe (worn)
 k - a +0 cloak (worn)
Scrolls
 j - a scroll of blinking
 l - 2 scrolls of torment {unknown}
 m - a scroll of fog {unknown}
 n - 3 scrolls of remove curse
Potions
 c - a potion of berserk rage
 g - a potion of haste
 h - a potion of magic
 p - a potion of cure mutation
 q - 2 potions of resistance
 s - a potion of curing
 t - a potion of cancellation {unknown}
Comestibles
 d - 6 fruits
 o - 23 royal jellies


   Skills:
 + Level 7.9 Fighting
 * Level 14.3 Short Blades
 + Level 7.1 Armour
 * Level 17.9 Dodging
 * Level 19.5 Stealth
 * Level 15.6 Spellcasting
 + Level 7.0 Conjurations
 + Level 12.0 Hexes
 + Level 7.9 Ice Magic
 + Level 7.8 Air Magic
 + Level 8.4 Poison Magic
 - Level 2.3 Invocations


You had 17 spell levels left.
You knew the following spells:

 Your Spells              Type           Power        Failure   Level  Hunger
a - Corona                Hex            ######.      1%          1    None
b - Ensorcelled Hibernat  Hex/Ice        ######       1%          2    None
c - Confuse               Hex            ######..     1%          3    None
d - Tukima's Dance        Hex            ######..     1%          3    None
e - Dazzling Spray        Conj/Hex       ######..     1%          3    None
f - Cause Fear            Hex            ######....   1%          4    None
g - Poisonous Cloud       Conj/Pois/Air  #####.....   28%         6    #####..
h - Olgreb's Toxic Radia  Pois           #####...     1%          4    None


Dungeon Overview and Level Annotations

Branches:
Dungeon (1/1)

Altars:
Cheibriados
Dithmenos
Elyvilon
Fedhas
Gozag
Kikubaaqudgha
Makhleb
Nemelex Xobeh
Okawaru
Qazlal
Ru
Sif Muna
Trog
Vehumet
Xom
Yredelemnul
Zin
The Shining One
Jiyva
Lugonu

Shops:
D ?:[=[%

Annotations:
D Gastronok


Innate Abilities, Weirdness & Mutations

You are tiny and cannot use many weapons and most armour.
You have supernaturally acute eyesight.
You are a herbivore.
You cover ground extremely quickly.
You need consume almost no food.
You have a pair of small horns on your head.
You are partially covered in thin metallic scales (AC +2).
You tend to lose your temper in combat.
You can translocate small distances at will.
Your mind is acute. (Int +2)
Armour fits poorly on your strangely shaped body.
Your magical capacity is low (-10% MP).
You are resistant to electric shocks.
You evolve.
You expend magic power (3 MP) to strengthen your wands.


Message History

You headbutt the dire elephant, but do no damage.
The dire elephant is heavily wounded.
Your shadow hits the dire elephant but does no damage.
The dire elephant completely misses you.
The dire elephant trunk-slaps you!
Drink which item? (? for menu, Esc to quit)
Magic courses through your body. The dire elephant barely misses you.
The dire elephant completely misses you.
Casting: Dazzling Spray
Confirm with . or Enter, or press ? or * to list all spells.
Aiming: Dazzling Spray
Press: ? - help, Shift-Dir - straight line, f/p - dire elephant
Aim: a dire elephant (black smoke, heavily wounded, poisoned, umbra)
The spray of energy hits the dire elephant.
The dire elephant is severely wounded.
Gastronok waves his eye-stalks in wide circles.
The air twists around and strikes you!
* * * LOW HITPOINT WARNING * * *
You emit a cloud of dark smoke.
The dire elephant tramples you!!
You die...

▓.................#___#_.+...#.#§
▓▓▓▓▓▓▓▓▓▓▓▓▓▓▓▓▓▓▓▓▓▓▓▓▓▓▓▓▓▓▓▓▓
▓...+≈≈§≈§.≈≈≈♣♣.....♣♣♣♣≈≈≈....
▓.YP#≈≈≈§≈≈≈≈≈♣♣.≈≈≈≈+♣♣'♣≈≈≈≈≈≈
▓YPP#≈≈≈§§≈≈%≈≈'....%#.≈♣♣♣♣♣♣♣♣
▓..P#≈≈≈≈§§≈≈≈♣♣♣♣♣♣♣#..♣♣
..(#.≈≈≈≈≈≈≈≈♣ ###+♣♣♣♣♣♣♣
▓##'####+#######♣ ♣♣♣♣.##..##≈
▓...§w§§§§§§§wY@♣♣ ♣...##.##.#≈
▓#+#############§♣ ♣♣.##.##.##+
.JJ#≈P.........§♣ ♣..#.##...#
▓..J+≈≈...########♣♣ ♣♣.##.##.)#
▓...#≈≈≈.........PP♣ ♣♣.##.#####
▓J..#≈≈≈≈P..PP....P♣ ♣.....##(..
#+#############+#############+##
#...........##▓≈(≈
#............#▓≈≈≈


You could see Gastronok and a dire elephant.

Vanquished Creatures
  Rupert (D)
  Polyphemus (D)
  Ilsuiw (D)
  Maud (D)
  A greater naga (D)
  A dire elephant (D)
  A merfolk javelineer (D)
  3 anacondas (D)
  2 hydras (D)
  Erica (D)
  A centaur warrior (D)
  4 death yaks (D)
  A death drake (D)
  A sea snake (D)
  A spriggan druid (D)
  An unseen horror (D)
  A lindwurm (D)
  5 black mambas (D)
  A guardian serpent (D)
  2 spiny frogs (D)
  A fire drake (D)
  A deep elf priest (D)
  A komodo dragon (D)
  A queen bee (D)
  3 wandering mushrooms (D)
  8 blink frogs (D)
  2 spriggans (D)
  A shadow (D)
  3 redbacks (D)
  A spatial vortex (D)
  A naga (D)
  9 water moccasins (D)
  A swamp drake (D)
  2 centaurs (D)
  A necrophage (D)
  An earth elemental (D)
  2 brain worms (D)
  A water elemental (D)
  32 killer bees (D)
  An electric eel (D)
  A jelly (D)
  A wizard (D)
  A necromancer (D)
  3 sheep (D)
  3 humans (D)
  A kobold demonologist (D)
  3 adders (D)
  2 oozes (D)
  A phantom (D)
  2 rats (D)
122 creatures vanquished.

Vanquished Creatures (collateral kills)
  A naga warrior (D)
  A naga (D)
2 creatures vanquished.

Vanquished Creatures (others)
  2 draconian scorchers (D)
  Nessos (D)
  3 yaktaurs (D)
  3 plants (D)
9 creatures vanquished.

Grand Total: 133 creatures vanquished

Notes
Turn   | Place    | Note
--------------------------------------------------------------
     0 | D        | Kidiri the Spriggan Enchanter began the quest for the Orb.
     0 | D        | Reached XP level 1. HP: 9/9 MP: 5/5
    48 | D        | Killed a yaktaur
   113 | D        | Reached skill level 5 in Stealth
   113 | D        | Reached XP level 2. HP: 14/14 MP: 4/7
   117 | D        | Learned a level 2 spell: Ensorcelled Hibernation
   232 | D        | Killed a white draconian scorcher
   233 | D        | Killed a white draconian scorcher
   458 | D        | Reached skill level 1 in Fighting
   458 | D        | Reached XP level 3. HP: 18/18 MP: 5/9
   463 | D        | Learned a level 3 spell: Confuse
   467 | D        | Learned a level 3 spell: Dazzling Spray
   503 | D        | Reached skill level 6 in Stealth
   520 | D        | Gained mutation: Armour fits poorly on your strangely shaped body. [potion of mutation]
   520 | D        | Gained mutation: Your mind is acute. (Int +2) [potion of mutation]
   521 | D        | Gained mutation: Your magical capacity is low (-10% MP). [potion of mutation]
   521 | D        | Gained mutation: You can translocate small distances at will. [potion of mutation]
   521 | D        | Gained mutation: You expend magic power (3 MP) to strengthen your wands. [potion of mutation]
   522 | D        | Gained mutation: You tend to lose your temper in combat. [potion of mutation]
   522 | D        | Gained mutation: You evolve. [potion of mutation]
   523 | D        | Gained mutation: You have a pair of small horns on your head. [potion of mutation]
   547 | D        | Noticed a water elemental
   550 | D        | Killed a water elemental
   550 | D        | Reached skill level 1 in Armour
   550 | D        | Reached skill level 5 in Dodging
   550 | D        | Reached skill level 7 in Stealth
   550 | D        | Reached skill level 1 in Ice Magic
   550 | D        | Reached XP level 4. HP: 23/23 MP: 8/10
   555 | D        | Learned a level 3 spell: Tukima's Dance
   570 | D        | Noticed a jelly
   571 | D        | Noticed a shadow
   606 | D        | Killed a shadow
   606 | D        | Reached skill level 5 in Short Blades
   606 | D        | Reached skill level 8 in Stealth
   606 | D        | Reached skill level 1 in Conjurations
   606 | D        | Reached skill level 5 in Hexes
   606 | D        | Reached XP level 5. HP: 27/27 MP: 2/13
   692 | D        | Killed a jelly
   692 | D        | Reached skill level 9 in Stealth
   692 | D        | Reached XP level 6. HP: 26/32 MP: 12/15
   752 | D        | Found a stormy altar of Qazlal.
   753 | D        | Found a sacrificial altar of Ru.
   753 | D        | Found a burning altar of Makhleb.
   753 | D        | Found a viscous altar of Jiyva.
   753 | D        | Found a shimmering altar of Xom.
   753 | D        | Found a shadowy altar of Dithmenos.
   753 | D        | Found a sparkling altar of Nemelex Xobeh.
   753 | D        | Found a corrupted altar of Lugonu.
   753 | D        | Found an opulent altar of Gozag.
   753 | D        | Noticed a spatial vortex
   757 | D        | Became a worshipper of Dithmenos the Shadowed
  1117 | D        | Killed a spatial vortex
  1117 | D        | Reached skill level 1 in Invocations
  1224 | D        | Found a radiant altar of Vehumet.
  1225 | D        | Found a deep blue altar of Sif Muna.
  1225 | D        | Found an ancient bone altar of Kikubaaqudgha.
  1225 | D        | Noticed a wizard
  1228 | D        | Noticed a blue devil
  1228 | D        | Killed a wizard
  1254 | D        | Learned a level 4 spell: Cause Fear
  1427 | D        | Found a glowing silver altar of Zin.
  1428 | D        | Found a glowing golden altar of the Shining One.
  1428 | D        | Found a white marble altar of Elyvilon.
  1428 | D        | Noticed a deep elf priest
  1430 | D        | Killed a deep elf priest
  1430 | D        | Reached * piety under Dithmenos
  1430 | D        | Reached skill level 10 in Stealth
  1430 | D        | Reached XP level 7. HP: 36/36 MP: 15/17
  1440 | D        | Learned a level 6 spell: Poisonous Cloud
  1452 | D        | Found an iron altar of Okawaru.
  1453 | D        | Found a bloodstained altar of Trog.
  1453 | D        | Noticed a human
  1453 | D        | Noticed a human
  1455 | D        | Killed a human
  1455 | D        | Reached skill level 1 in Air Magic
  1457 | D        | Killed a human
  1457 | D        | Reached skill level 11 in Stealth
  1457 | D        | Reached skill level 1 in Poison Magic
  1480 | D        | Found a snail-covered altar of Cheibriados.
  1480 | D        | Noticed a necrophage
  1481 | D        | Found a basalt altar of Yredelemnul.
  1481 | D        | Found a blossoming altar of Fedhas.
  1481 | D        | Noticed a necromancer
  1482 | D        | Killed a necrophage
  1482 | D        | Reached skill level 10 in Dodging
  1482 | D        | Reached XP level 8. HP: 42/42 MP: 19/19
  1483 | D        | Killed a necromancer
  1483 | D        | Reached ** piety under Dithmenos
  1504 | D        | Noticed Erica
  1506 | D        | Killed Erica
  1506 | D        | Reached skill level 12 in Stealth
  1512 | D        | Learned a level 4 spell: Olgreb's Toxic Radiance
  1519 | D        | Noticed an earth elemental
  1522 | D        | Killed an earth elemental
  1527 | D        | Noticed a centaur
  1527 | D        | Noticed a centaur warrior
  1527 | D        | Noticed a centaur
  1530 | D        | Killed a centaur warrior
  1530 | D        | Reached skill level 10 in Spellcasting
  1530 | D        | Reached XP level 9. HP: 46/46 MP: 20/21
  1531 | D        | Killed a centaur
  1531 | D        | Reached skill level 13 in Stealth
  1532 | D        | Killed a centaur
  1532 | D        | Reached *** piety under Dithmenos
  1552 | D        | Noticed an unseen horror
  1554 | D        | Killed an unseen horror
  1564 | D        | Noticed a queen bee
  1564 | D        | Noticed a killer bee
  1564 | D        | Noticed a killer bee
  1564 | D        | Noticed a killer bee
  1564 | D        | Noticed a killer bee
  1564 | D        | Noticed a killer bee
  1564 | D        | Noticed a killer bee
  1564 | D        | Noticed a killer bee
  1564 | D        | Noticed a killer bee
  1564 | D        | Noticed a killer bee
  1564 | D        | Noticed a killer bee
  1564 | D        | Noticed a killer bee
  1564 | D        | Noticed a killer bee
  1564 | D        | Noticed a killer bee
  1564 | D        | Noticed a killer bee
  1565 | D        | Noticed a killer bee
  1565 | D        | Noticed a killer bee
  1565 | D        | Noticed a killer bee
  1565 | D        | Noticed a killer bee
  1565 | D        | Noticed a killer bee
  1565 | D        | Noticed a killer bee
  1565 | D        | Noticed a killer bee
  1565 | D        | Noticed a killer bee
  1565 | D        | Noticed a killer bee
  1565 | D        | Noticed a killer bee
  1565 | D        | Noticed a killer bee
  1565 | D        | Noticed a killer bee
  1565 | D        | Noticed a killer bee
  1565 | D        | Noticed a killer bee
  1565 | D        | Noticed a killer bee
  1565 | D        | Noticed a killer bee
  1565 | D        | Noticed a killer bee
  1565 | D        | Noticed a killer bee
  1566 | D        | Killed a queen bee
  1567 | D        | Killed a killer bee
  1570 | D        | Killed a killer bee
  1570 | D        | Reached skill level 5 in Fighting
  1576 | D        | Killed a killer bee
  1576 | D        | Reached **** piety under Dithmenos
  1580 | D        | Killed a killer bee
  1583 | D        | Killed a killer bee
  1585 | D        | Killed a killer bee
  1709 | D        | Killed a killer bee
  1712 | D        | Killed a killer bee
  1715 | D        | Killed a killer bee
  1717 | D        | Killed a killer bee
  1717 | D        | Reached ***** piety under Dithmenos
  1719 | D        | Killed a killer bee
  1721 | D        | Killed a killer bee
  1721 | D        | Reached skill level 14 in Stealth
  1723 | D        | Killed a killer bee
  1725 | D        | Killed a killer bee
  1725 | D        | Reached XP level 10. HP: 51/51 MP: 6/23
  1728 | D        | Killed a killer bee
  1872 | D        | Killed a killer bee
  1872 | D        | Reached skill level 10 in Short Blades
  1874 | D        | Killed a killer bee
  1877 | D        | Killed a killer bee
  1880 | D        | Killed a killer bee
  1882 | D        | Killed a killer bee
  1885 | D        | Killed a killer bee
  1893 | D        | Killed a killer bee
  1899 | D        | Killed a killer bee
  1902 | D        | Killed a killer bee
  1904 | D        | Killed a killer bee
  1904 | D        | Reached ****** piety under Dithmenos
  1907 | D        | Killed a killer bee
  1908 | D        | Killed a killer bee
  1908 | D        | Reached skill level 5 in Ice Magic
  1911 | D        | Killed a killer bee
  1912 | D        | Killed a killer bee
  1916 | D        | Killed a killer bee
  1919 | D        | Killed a killer bee
  1922 | D        | Killed a killer bee
  2132 | D        | Noticed a wandering mushroom
  2133 | D        | Noticed a wandering mushroom
  2133 | D        | Noticed a wandering mushroom
  2134 | D        | Killed a wandering mushroom
  2142 | D        | Killed a wandering mushroom
  2148 | D        | Killed a wandering mushroom
  2256 | D        | Noticed a spiny frog
  2256 | D        | Noticed a komodo dragon
  2256 | D        | Noticed a spiny frog
  2259 | D        | Killed a spiny frog
  2268 | D        | Killed a komodo dragon
  2272 | D        | Killed a spiny frog
  2272 | D        | Reached skill level 5 in Poison Magic
  2348 | D        | Noticed a redback
  2350 | D        | Killed a redback
  2351 | D        | Noticed a brain worm
  2354 | D        | Killed a brain worm
  2354 | D        | Reached skill level 15 in Stealth
  2356 | D        | Noticed a brain worm
  2359 | D        | Killed a brain worm
  2362 | D        | Noticed a lindwurm
  2364 | D        | Noticed a redback
  2365 | D        | Killed a lindwurm
  2365 | D        | Reached skill level 5 in Armour
  2365 | D        | Reached skill level 5 in Air Magic
  2367 | D        | Killed a redback
  2372 | D        | Noticed a redback
  2375 | D        | Killed a redback
  2376 | D        | Noticed Maud
  2378 | D        | Killed Maud
  2378 | D        | Reached skill level 5 in Conjurations
  2378 | D        | Reached XP level 11. HP: 56/56 MP: 22/25
  2392 | D        | Noticed an electric eel
  2394 | D        | Noticed a four-headed hydra
  2394 | D        | Noticed a seven-headed hydra
  2396 | D        | Killed an electric eel
  2398 | D        | Killed a four-headed hydra
  2399 | D        | Killed a seven-headed hydra
  2399 | D        | Reached skill level 16 in Stealth
  2399 | D        | Reached skill level 10 in Hexes
  2508 | D        | Noticed a death drake
  2510 | D        | Killed a death drake
  2517 | D        | Found a blossoming altar of Fedhas.
  2517 | D        | Noticed a spriggan
  2517 | D        | Noticed a spriggan druid
  2517 | D        | Noticed a spriggan
  2519 | D        | Killed a spriggan druid
  2522 | D        | Killed a spriggan
  2522 | D        | Reached skill level 15 in Dodging
  2527 | D        | Killed a spriggan
  2578 | D        | Noticed Polyphemus
  2581 | D        | Noticed Ilsuiw
  2587 | D        | Killed Polyphemus
  2630 | D        | Gained mutation: You are resistant to electric shocks. [evolution]
  2635 | D        | Killed Ilsuiw
  2635 | D        | Reached skill level 17 in Stealth
  2642 | D        | Found Tufuz's Jewellery Emporium.
  2642 | D        | Found Onyguje's Antique Armour Shop.
  2642 | D        | Found Liodylug's Food Shoppe.
  2642 | D        | Noticed a sea snake
  2642 | D        | Noticed a merfolk javelineer
  2646 | D        | Killed a sea snake
  2674 | D        | Killed a merfolk javelineer
  2674 | D        | Reached XP level 12. HP: 26/62 MP: 15/27
  2846 | D        | Killed a yaktaur
  2873 | D        | Killed Nessos
  2912 | D        | Got a barnacled rune of Zot
  2950 | D        | Killed a yaktaur
  2991 | D        | Noticed a swamp drake
  2991 | D        | Noticed a fire drake
  2992 | D        | Killed a fire drake
  2994 | D        | Killed a swamp drake
  3001 | D        | Noticed a blink frog
  3002 | D        | Noticed a blink frog
  3002 | D        | Noticed a blink frog
  3002 | D        | Noticed a blink frog
  3002 | D        | Noticed a blink frog
  3009 | D        | Killed a blink frog
  3010 | D        | Killed a blink frog
  3015 | D        | Killed a blink frog
  3024 | D        | Killed a blink frog
  3026 | D        | Killed a blink frog
  3147 | D        | Noticed Rupert
  3152 | D        | Killed Rupert
  3173 | D        | Noticed a death yak
  3174 | D        | Noticed a death yak
  3174 | D        | Noticed a blink frog
  3175 | D        | Noticed an azure jelly
  3175 | D        | Noticed a death yak
  3175 | D        | Noticed an azure jelly
  3175 | D        | Noticed a blink frog
  3175 | D        | Noticed a death yak
  3176 | D        | Killed a death yak
  3176 | D        | Reached skill level 18 in Stealth
  3177 | D        | Killed a death yak
  3178 | D        | Killed a blink frog
  3179 | D        | Noticed a blink frog
  3179 | D        | Noticed a black mamba
  3180 | D        | Killed a death yak
  3181 | D        | Noticed a black mamba
  3182 | D        | Killed a death yak
  3183 | D        | Killed a blink frog
  3184 | D        | Killed a blink frog
  3189 | D        | Killed a black mamba
  3192 | D        | Killed a black mamba
  3207 | D        | Noticed an azure jelly
  3207 | D        | Noticed an azure jelly
  3219 | D        | Noticed a water moccasin
  3219 | D        | Noticed a water moccasin
  3219 | D        | Noticed a water moccasin
  3220 | D        | Noticed a water moccasin
  3220 | D        | Noticed a black mamba
  3221 | D        | Killed a water moccasin
  3222 | D        | Noticed a water moccasin
  3223 | D        | Killed a water moccasin
  3224 | D        | Killed a water moccasin
  3225 | D        | Killed a water moccasin
  3227 | D        | Killed a black mamba
  3229 | D        | Killed a water moccasin
  3291 | D        | Noticed a water moccasin
  3291 | D        | Noticed a black mamba
  3291 | D        | Noticed an anaconda
  3292 | D        | Noticed a black mamba
  3293 | D        | Killed a black mamba
  3293 | D        | Reached skill level 15 in Spellcasting
  3294 | D        | Killed a water moccasin
  3298 | D        | Killed an anaconda
  3305 | D        | Killed a black mamba
  3387 | D        | Noticed a water moccasin
  3387 | D        | Noticed a water moccasin
  3387 | D        | Noticed an anaconda
  3387 | D        | Noticed an anaconda
  3387 | D        | Noticed a water moccasin
  3388 | D        | Killed a water moccasin
  3390 | D        | Killed an anaconda
  3390 | D        | Reached skill level 19 in Stealth
  3391 | D        | Killed a water moccasin
  3393 | D        | Killed an anaconda
  3396 | D        | Killed a water moccasin
  3422 | D        | Noticed a naga
  3422 | D        | Noticed a naga
  3436 | D        | Killed a naga
  3454 | D        | Noticed a naga warrior
  3463 | D        | Killed a naga
  3465 | D        | Killed a naga warrior
  3465 | D        | Reached XP level 13. HP: 68/68 MP: 16/30
  3494 | D        | Noticed a greater naga
  3581 | D        | Killed a greater naga
  3594 | D        | Gained mutation: You are partially covered in thin metallic scales (AC +2). [evolution]
  3798 | D        | Found Sostayqu's Magic Scroll Boutique.
  3798 | D        | Found Jolutugo's Book Emporium.
  3802 | D        | Found Qobriq's Antique Armour Shop.
  3811 | D        | Noticed a guardian serpent
  3813 | D        | Killed a guardian serpent
  3815 | D        | Got a serpentine rune of Zot
  3894 | D        | Noticed an elephant
  3894 | D        | Noticed an elephant
  3894 | D        | Noticed a dire elephant
  3894 | D        | Noticed a dire elephant
  3894 | D        | Noticed Gastronok
  3919 | D        | Killed a dire elephant
  3928 | D        | Demolished by a dire elephant

Action                   |  1- 3 |  4- 6 |  7- 9 | 10-12 | 13-15 || total
-------------------------+-------+-------+-------+-------+-------++-------
Melee: Dagger            |    34 |    22 |    27 |   141 |    13 ||   237
 Cast: Corona            |     6 |       |       |       |       ||     6
       Ensorcelled Hiber |     2 |     1 |    22 |    23 |       ||    48
       Tukima's Dance    |       |    13 |       |     4 |     1 ||    18
       Dazzling Spray    |       |     7 |       |    20 |    12 ||    39
       Confuse           |       |       |       |     4 |     1 ||     5
       Poisonous Cloud   |       |       |       |       |     1 ||     1
Invok: Shadow Step       |       |       |       |    13 |     1 ||    14
  Use: Potion            |     5 |     1 |       |       |     3 ||     9
       Scroll            |     2 |       |       |       |       ||     2
 Stab: Sleeping          |     5 |     2 |    25 |    53 |     1 ||    86
       Confused          |       |       |       |     2 |       ||     2
       Invisible         |       |       |       |     2 |     1 ||     3
  Eat: Bread ration      |       |     1 |       |       |       ||     1
